Map: Fracture LE

Players

GROUNDPOUNDR

  • Race: Zerg Zerg
  • League: Diamond
  • Spawn Location: 5:00

Woogie - Winner!

  • Race: Zerg Zerg
  • League: Diamond
  • Spawn Location: 11:00

VOD

Have the link to the VOD?

Description

Pulled this Zerg apart with TC Roaches in the mid game.

Time

  • Played on: Sept. 17, 2018, 1:38 p.m.
  • Length: 13:21
Show
View Real Time Build Order
Export as new Build Order

GROUNDPOUNDR Zerg 

Build Orders: Pool First 

Get SALT Encoding   

  12  0:02  Drone  
  13  0:23  Spawning Pool  
  13  0:26  Drone  
  13  0:29  Drone  
  14  0:38  Overlord  
  14  0:45  Extractor, Drone  
  15  0:54  Overlord  
  16  1:11  Zergling x4  
  17  1:22  Zergling x2  
  18  1:34  Hatchery  
  18  1:36  Queen  
  19  1:40  Extractor  
  19  1:42  Drone  
  19  1:46  Drone  
  20  1:53  Drone  
  21  2:03  Drone  
  21  2:50  Drone x2  
  21  2:51  Drone x2  
  23  3:02  Drone x2  
  25  3:06  Spine Crawler  
  25  3:10  Queen  
  25  3:11  Queen  
  25  3:12  Drone x2  
  30  3:17  Roach Warren  
  30  3:19  Drone  
  30  3:23  Drone  
  30  3:26  Drone  
  32  3:28  Drone  
  32  3:29  Drone  
  32  3:33  Drone  
  35  3:37  Metabolic Boost  
  35  3:41  Evolution Chamber  
  35  3:43  Drone x2  
  35  3:48  Overlord  
  36  4:01  Overlord  
  36  4:02  Overlord x2  
  36  4:13  Zerg Melee Weapons Level 1  
  36  4:19  Extractor x2  
  36  4:20  Drone x5  
  39  4:33  Overlord  
  39  4:34  Overlord x2  
  39  4:42  Drone x2  
  39  4:43  Drone x3  
  44  4:54  Roach x3  
  44  4:55  Roach  
  52  5:04  Drone  
  52  5:06  Overlord x2  
  52  5:07  Overlord  
  53  5:12  Lair  
  53  5:24  Roach x4  
  61  5:31  Roach x2  
  61  5:32  Roach  
  67  5:38  Roach  
  69  5:44  Drone x2  
  69  5:48  Roach x2  
  75  5:58  Zergling x6  
  75  5:59  Zergling x4  
  80  6:05  Hatchery  
  80  6:07  Zergling x4  
  80  6:08  Zergling x4  
  83  6:13  Zergling x2  
  84  6:22  Zergling x10  
  87  6:33  Zergling x2  
  87  6:34  Zergling x6  
  76  6:55  Zergling x6  
  76  6:56  Zergling x6  
  82  7:08  Glial Reconstitution  
  82  7:09  Spire  
  82  7:13  Zergling x2  
  82  7:14  Zergling x10  
  87  7:27  Zerg Missile Weapons Level 1  
  87  7:32  Zergling x2  
  87  7:33  Zergling x12  
  87  7:34  Zergling x4  
  96  7:42  Zergling x4  
  96  7:43  Zergling x2  
  88  8:10  Drone x3  
  88  8:11  Drone x5  
  88  8:28  Mutalisk  
  88  8:29  Mutalisk x6  
  88  8:30  Mutalisk x2  
  88  8:32  Zergling x4  
  107  8:38  Extractor  
  107  8:40  Extractor  
  93  8:49  Mutalisk  
  93  8:50  Mutalisk  
  93  8:52  Zergling x8  
  93  8:53  Zergling x2  
  102  9:05  Roach x3  
  102  9:06  Roach x2  
  102  9:08  Overlord x2  
  102  9:09  Overlord  
  108  9:20  Zergling x8  
  108  9:21  Zergling x2  
  88  9:57  Drone x3  
  88  9:58  Drone x3  
  88  9:59  Drone x6  
  100  10:00  Drone x5  
  100  10:06  Queen  
  105  10:07  Queen x2  
  93  10:34  Overseer  
  93  10:43  Zerg Ground Armor Level 1  
  93  10:49  Spore Crawler  
  92  10:50  Evolution Chamber  
  92  10:55  Spore Crawler  
  90  10:57  Spine Crawler  
  89  11:09  Baneling Nest  
  85  11:19  Zergling x10  
  85  11:20  Zergling x2  
  85  11:24  Queen  
  85  11:25  Queen x2  
  93  11:37  Overseer  
  89  11:47  Overseer  
  89  11:49  Drone x3  
  89  11:51  Drone x5  
  89  11:52  Drone x5  
  89  11:53  Drone x3  
  101  11:58  Spore Crawler  
  99  12:28  Roach x6  
  99  12:29  Roach x5  
  121  12:30  Roach  
  121  12:37  Baneling x3  
  121  12:38  Baneling x2  
  121  12:39  Baneling x2  
Show
View Real Time Build Order
Export as new Build Order

Woogie Zerg - Winner!

Build Orders: Hatch First 

Get SALT Encoding   

  12  0:01  Drone  
  13  0:13  Overlord  
  13  0:18  Drone  
  14  0:31  Drone x2  
  14  0:35  Drone  
  17  0:53  Hatchery  
  17  0:55  Drone  
  17  1:09  Spawning Pool  
  16  1:15  Drone  
  16  1:16  Drone  
  18  1:19  Extractor  
  18  1:25  Drone  
  18  1:33  Drone  
  19  1:41  Overlord  
  19  1:57  Zergling x2  
  19  1:59  Queen  
  22  2:02  Zergling x2  
  22  2:05  Zergling x2  
  22  2:06  Queen  
  26  2:21  Zergling x4  
  27  2:27  Metabolic Boost  
  27  2:30  Zergling x4  
  25  2:42  Drone x2  
  24  2:54  Drone x2  
  24  2:55  Drone  
  24  2:56  Queen  
  24  2:57  Queen  
  31  3:14  Overlord  
  31  3:15  Drone x3  
  34  3:24  Drone x2  
  36  3:33  Evolution Chamber  
  35  3:48  Drone  
  35  3:49  Drone x6  
  42  3:57  Overlord  
  42  4:00  Overlord  
  42  4:02  Extractor  
  41  4:04  Extractor  
  41  4:06  Zerg Missile Weapons Level 1  
  40  4:12  Roach Warren  
  39  4:31  Drone x6  
  42  4:32  Drone  
  42  4:36  Lair  
  46  4:47  Overlord  
  46  4:48  Drone x3  
  50  5:00  Drone x5  
  54  5:16  Roach x2  
  54  5:17  Roach x3  
  64  5:31  Overlord x2  
  64  5:32  Overlord  
  64  5:36  Glial Reconstitution  
  64  5:42  Evolution Chamber  
  63  5:51  Hatchery  
  62  6:01  Overseer  
  62  6:05  Roach  
  62  6:06  Roach x7  
  78  6:25  Roach x3  
  82  6:27  Overlord  
  82  6:28  Overlord x2  
  74  6:55  Queen x2  
  74  6:56  Roach x5  
  74  6:57  Roach x2  
  92  7:10  Drone x2  
  92  7:11  Drone x2  
  92  7:14  Zerg Missile Weapons Level 2  
  92  7:15  Zerg Ground Armor Level 1  
  96  7:33  Hydralisk Den, Drone  
  96  7:34  Drone  
  98  7:44  Drone x5  
  98  7:45  Roach, Drone x2  
  98  7:46  Roach x4  
  98  7:48  Overlord x3  
  86  9:08  Spore Crawler  
  83  9:10  Spore Crawler  
  83  9:11  Spore Crawler  
  83  9:13  Burrow  
  83  9:15  Tunneling Claws  
  57  9:34  Roach x3  
  57  9:35  Roach x10  
  63  9:52  Hydralisk  
  59  9:53  Hydralisk x3  
  59  9:56  Queen  
  63  10:24  Hydralisk x6  
  66  10:33  Hydralisk x4  
  74  10:50  Roach x2  
  74  10:51  Roach x4  
  74  10:58  Hydralisk  
  74  10:59  Hydralisk x4  
  74  11:01  Roach x5  
  80  11:20  Roach x4  
  78  11:39  Roach x4  
  78  11:44  Hydralisk  
  78  11:45  Hydralisk x7  
  94  11:49  Roach x2  
  90  12:10  Hydralisk x2  
  90  12:11  Hydralisk x3  
  96  12:34  Hydralisk  
  98  12:37  Hatchery  
  98  12:41  Roach x4  
Tags
 
Add a new tag
Caveats
  • Supply blocks, unpowered buildings, or Contaminate may cause inaccurate times.
  • Supply counts are checked every 10 seconds.